 Dungeon Crawl Stone Soup version 0.14-a0-3367-g7c2a7eb (webtiles) character file.

243 Sabsy the Magician (level 4, -3/24 HPs)
             Began as a Deep Elf Wizard on Mar 19, 2014.
             Slain by DracheReborn's ghost (10 damage)
             ... on Level 3 of the Dungeon.
             The game lasted 00:22:23 (2809 turns).

Sabsy the Magician (Deep Elf Wizard)                Turns: 2809, Time: 00:22:23

HP  -3/24        AC  4     Str  4      XL: 4   Next: 59%
MP  17/18        EV 13     Int 30      God:
Gold 134         SH  0     Dex 13      Spells:  5 memorised,  6 levels left

rFire  + . .     SeeInvis .     r - +3 dagger (venom)
rCold  . . .     Clarity  .     a - +0 robe
rNeg   . . .     Conserve .     (no shield)
rPois  .         rCorr    .     b - +0 hat
rElec  .         rRot     .     (no cloak)
SustAb . .       Spirit   .     o - +1 pair of gloves {archer}
rMut   .         Warding  .     (no boots)
Saprov . . .     Stasis   .     (no amulet)
MR     .....                    m - +6 ring of intelligence
                                e - ring of protection from fire

@: repel missiles, confused, lethally poisoned, not resistant to hostile
enchantments, very unstealthy
A: no striking features
a: no special abilities


You were on level 3 of the Dungeon.
You were hungry.

You visited 1 branch of the dungeon, and saw 3 of its levels.

You collected 134 gold pieces.

Inventory:

Hand weapons
 d - a +1,+0 dagger of venom
 r - a +3,+3 dagger of venom (weapon)
Missiles
 l - 12 darts (quivered)
Armour
 a - a +0 robe (worn)
 b - a +0 hat (worn)
 o - a +1 pair of gloves of archery (worn)
Scrolls
 h - a scroll of identify
 j - 2 scrolls of remove curse
 t - 2 scrolls of magic mapping {unknown}
Jewellery
 e - a ring of protection from fire (left hand)
 i - an uncursed ring of protection from cold
 m - a +6 ring of intelligence (right hand)
Potions
 f - a potion of resistance {unknown}
 g - a potion of agility {unknown}
 k - a potion of invisibility {unknown}
 n - a potion of curing
 p - 2 potions of brilliance {unknown}
 q - a potion of mutation {unknown}
 s - 3 potions of cure mutation {unknown}
 u - 2 potions of lignification {unknown}
Books
 c - a book of Minor Magic

   Spells                             Type                      Level
   *Magic Dart                        Conjuration                  1
   *Blink                             Translocation                2
   *Call Imp                          Summoning                    2
   *Repel Missiles                    Charms/Air                   2
   *Slow                              Hexes                        2
   Conjure Flame                      Conjuration/Fire             3
   Mephitic Cloud                     Conjuration/Poison/Air       3


   Skills:
 + Level 0.0 Short Blades
 - Level 2.8 Dodging
 + Level 2.8 Stealth
 + Level 6.2 Spellcasting
 - Level 2.6 Conjurations
 - Level 0.3 Hexes
 - Level 1.3 Summonings
 - Level 1.1 Translocations


You had 6 spell levels left.
You knew the following spells:

 Your Spells              Type           Power        Failure   Level  Hunger
a - Magic Dart            Conj           ####         1%          1    None
b - Blink                 Tloc           N/A          6%          2    None
c - Call Imp              Summ           ###.......   6%          2    None
d - Repel Missiles        Chrm/Air       #.....       10%         2    None
e - Slow                  Hex            ##......     10%         2    None


Dungeon Overview and Level Annotations

Branches:
Dungeon (3/15)

Altars:

Annotations:
D:3 DracheReborn's ghost, weakling DEVM; Purgy


Message History

The stinking cloud engulfs DracheReborn's ghost.
Ouch! You are engulfed in noxious fumes.
You choke on the stench!
You are more confused.
DracheReborn's ghost hits you!
Drink which item? (? for menu, Esc to quit)
You feel better.
It was a potion of curing.
You are engulfed in noxious fumes.
You choke on the stench!
You are confused.
DracheReborn's ghost gestures at you while chanting.
The sting hits you!
You are poisoned.
You're too confused to cast spells.
Are you sure you want to stumble around while confused and next to your crimson imp? (Use ctrl+direction to attack without moving)
Okay, then.
You swing at nothing.
You are feeling hungry.
You are engulfed in noxious fumes.
You choke on the stench!
You are more confused.
You feel sick. DracheReborn's ghost hits you!
You die...

#######......#####.# #.#
#.#....#.###.# #.#
###.#.#..#.....###.#
#........#.........#
#.#.#.############.#
#.#................#
#.#.#...#.#.##..##.#
#####...#p###.#......#.####
#.....#.#ยง@5.........#.#...
#.##..#..####.#....#.#.#.##
#.##..#...........##.....##
#.#####..#.............####
#.#####..##.###############
#..........................
###########.###############
#..<....#.....# #
######.##...#.# #


You could see DracheReborn's ghost and a friendly crimson imp.

Vanquished Creatures
  Jessica (D:3)
  3 adders (D:2)
  2 worms (D:2)
  An ooze (D:1)
  A ball python (D:1)
  2 bats
  8 hobgoblins
  4 jackals
  6 kobolds
  5 giant cockroaches
  2 giant geckos
  5 giant newts
  5 goblins
  A quokka (D:2)
  5 rats
51 creatures vanquished.

Vanquished Creatures (collateral kills)
  An adder (D:2)
  A jackal (D:2)
2 creatures vanquished.

Grand Total: 53 creatures vanquished

Notes
Turn   | Place    | Note
--------------------------------------------------------------
     0 | D:1      | Sabsy, the Deep Elf Wizard, began the quest for the Orb.
     0 | D:1      | Reached XP level 1. HP: 10/10 MP: 6/6
   452 | D:1      | Reached XP level 2. HP: 15/15 MP: 7/10
   459 | D:1      | Learned a level 2 spell: Blink
   462 | D:1      | Learned a level 2 spell: Call Imp
   465 | D:1      | Learned a level 2 spell: Repel Missiles
   468 | D:1      | Learned a level 2 spell: Slow
   492 | D:1      | Reached skill level 5 in Spellcasting
  1446 | D:2      | Reached XP level 3. HP: 19/19 MP: 10/14
  2185 | D:2      | Reached XP level 4. HP: 24/24 MP: 18/18
  2500 | D:2      | Reached skill level 6 in Spellcasting
  2572 | D:3      | Noticed Purgy
  2615 | D:3      | Noticed a centaur
  2673 | D:3      | Noticed Jessica
  2690 | D:3      | Killed Jessica
  2784 | D:3      | Noticed DracheReborn's ghost (weakling DEVM)
  2809 | D:3      | Slain by DracheReborn's ghost

Action                   |  1- 3 |  4- 6 || total
-------------------------+-------+-------++-------
Melee: Dagger            |    12 |    13 ||    25
 Cast: Magic Dart        |    97 |    18 ||   115
       Call Imp          |     3 |     1 ||     4
       Repel Missiles    |     1 |       ||     1
       Slow              |     1 |     1 ||     2
  Use: Scroll            |     6 |       ||     6
       Potion            |       |     1 ||     1
 Stab: Sleeping          |     2 |       ||     2
